 Dungeon Crawl Stone Soup version 0.28-a0-1447-ga5a8893891 (webtiles) character file.

Game seed: 15949777690161391904

46 siradein the Magician (level 3, 0/27 HPs)
             Began as a Djinni Hedge Wizard on Jan 10, 2022.
             Slain by Sigmund (2 damage)
             ... on level 2 of the Dungeon.
             The game lasted 00:07:19 (2935 turns).

siradein the Magician (Djinni Hedge Wizard)         Turns: 2935, Time: 00:07:19

Health: 0/27       AC:  3    Str:  9    XL:     3   Next: 92%
Gold:   59         EV: 12    Int: 17    God:
                   SH:  0    Dex: 12

rFire   + + .      SeeInvis .   a - +0 dagger
rCold   x . .      Faith    .   (no shield)
rNeg    . . .      Spirit   .   g - +0 leather armour
rPois   ∞          Reflect  .   c - +0 hat
rElec   .          Harm     .   (no cloak)
rCorr   .          Rampage  .   (no gloves)
Will    .....                   (boots unavailable)
Stlth   +.........              (no amulet)
HPRegen 0.09/turn               (no ring)
MPRegen 0.00/turn               (no ring)

@: confused, flying
A: sickness immunity, fire resistance 2, cold vulnerability 1, float, innate
caster, hp casting, extra vitality 1
a: no special abilities


You were on level 2 of the Dungeon.
You visited 1 branch of the dungeon, and saw 2 of its levels.

You collected 59 gold pieces.

Inventory:

Hand Weapons
 a - a +0 dagger (weapon)
Armour
 c - a +0 hat (worn)
 g - a +0 leather armour (worn)
Scrolls
 d - 2 scrolls of summoning {unknown}
 e - 2 scrolls of immolation {unknown}
Potions
 b - a potion of might {unknown}
 f - a potion of curing {unknown}


   Skills:
 + Level 1.3 Fighting
 + Level 2.8 Dodging
 - Level 1.5 Stealth
 * Level 3.0 Spellcasting


You couldn't memorise any spells.
You knew the following spells:

 Your Spells              Type           Power      Damage    Failure   Level
a - Magic Dart            Conj           52%        1d5       7%          1
b - Blink                 Tloc           26%        N/A       11%         2
c - Call Imp              Summ           13%        N/A       11%         2
d - Slow                  Hex            52%        N/A       7%          1
e - Conjure Flame         Conj/Fire      13%        6-21      21%         3
f - Mephitic Cloud        Conj/Pois/Air  13%        N/A       21%         3
g - Sting                 Tmut/Pois      52%        1d5       7%          1
Your spell library was empty.

Dungeon Overview and Level Annotations

Branches:
Dungeon (2/15)

Altars:

Annotations:
D:2 Sigmund


Innate Abilities, Weirdness & Mutations

You are immune to sickness and miasma.
You are immune to poison.
Your flesh is very heat resistant. (rF++)
You are vulnerable to cold. (rC-)
You float through the air rather than walking.
You learn spells naturally, not from books.
Your magical power is your life essence.
You have superior vitality. (+4 MHP)


Message History

Your iron imp hits Sigmund.
Sigmund mumbles some strange words.
Sigmund flickers and vanishes!
Deactivating autopickup; reactivate with Ctrl-A.
Something barely misses your iron imp. Something hits your iron imp!
Something hits you. Something hits you.
You hear some strange, mumbled words.
You are confused.
You bump into the rock wall.
Something hits you!
* * * LOW HITPOINT WARNING * * *
You bump into the rock wall.
You bump into the rock wall.
Something barely misses you.
You hear some strange, mumbled words.
You are more confused.
Something hits you.
* * * LOW HITPOINT WARNING * * *
You bump into the rock wall.
You bump into the rock wall.
Something barely misses you.
You hit something but do no damage.
You hear some strange, mumbled words.
Something tries to affect you, but you resist.
You bump into the rock wall.
You hear some strange, mumbled words.
Something tries to affect you, but you resist.
You bump into the rock wall.
You hear some strange, mumbled words.
You are more confused.
Something hits you.
* * * LOW HITPOINT WARNING * * *
You completely miss something.
You hear some strange, mumbled words.
You are more confused.
Sigmund appears from thin air!
Reactivating autopickup.
You bump into the rock wall.
Sigmund completely misses you.
You bump into the rock wall.
Sigmund hits you from afar with a +0 scythe.
You die...

###### ##............# #..._#
#.....#########
#.############...###
#........#.........#
###.###....###..##.# ###
#....(....##.# #....####.##.#
####.........# ######@####
#.# ## #@# .# #####.#####
####.## #.........##########
#.....####.###..............#
#.#........##...##.########.#
.##.#...###..#.....#.# #.#
..................##.# #.#


You could see Sigmund.

Vanquished Creatures
  An adder (D:2)
  A ball python (D:1)
  4 endoplasms (D:1)
  A giant cockroach (D:1)
  2 goblins (D:1)
  7 hobgoblins
  2 jackals (D:1)
  2 kobolds (D:1)
  3 quokkas (D:1)
  3 bats
  2 frilled lizards (D:1)
  3 rats
31 creatures vanquished.

Notes
Turn   | Place    | Note
-------+----------+-------------------------------------------
     0 | D:1      | siradein the Djinni Hedge Wizard began the quest for the
                  | Orb.
     0 | D:1      | Reached XP level 1. HP: 15/15 MP: 0/0
   362 | D:1      | Reached XP level 2. HP: 20/22 MP: 0/0
  1023 | D:1      | Reached skill level 1 in Fighting
  1023 | D:1      | Reached XP level 3. HP: 14/27 MP: 0/0
  1023 | D:1      | Learned a level 1 spell: Sting
  1801 | D:2      | Reached skill level 3 in Spellcasting
  2001 | D:2      | Noticed Sigmund
  2852 | D:2      | Found a faded altar of an unknown god.
  2928 | D:2      | HP: 1/27 [something (6)]
  2935 | D:2      | Slain by Sigmund

Illustrated notes

Levels and vault maps discovered:
D:1:      dpeg_arrival_windows_large_door, layout_basic
D:2:      layout_loops_corners, hellmonk_ecumenical_altar_leap_of_faith,
          uniq_sigmund

Skill      XL: |  1  2  3 |
---------------+----------+-----
Fighting       | 1 |  1.3
Spellcasting   | 3 |  3.0
Dodging        | |  2.8
Stealth        | |  1.5

Action                   || total
-------------------------++-------
Melee: Dagger            ||    17
 Cast: Magic Dart        ||    90
       Call Imp          ||     2
       Blink             ||     1
Armor: Robe              ||     2
       Leather armour    ||     7
Dodge: Dodged            ||    28

Table legend: (Time is in decaauts)
 A = Elapsed time spent in this place.
 B = Non-inter-level travel time spent in this place.
 C = Inter-level travel time spent in this place.
 D = Time resting spent in this place.
 E = Time spent auto-exploring this place.
 F = Levels seen in this place.
 G = Mean time per level.
                   A        B        C        D        E       F      G
               +--------+--------+--------+--------+--------+-----+--------+
         Total |   2937 |   2900 |     37 |    407 |   2061 |   2 | 1468.5 |
       Dungeon |   2937 |   2900 |     37 |    407 |   2061 |   2 | 1468.5 |
               +--------+--------+--------+--------+--------+-----+--------+

Top non-repeatable levels by time:
     D:1: 2291 daAuts
     D:2: 646 daAuts
